 Dungeon Crawl Stone Soup version 0.28-a0-1429-gf3d713df7a (webtiles) character file.

Game seed: 14968118750866549407

5734 enile the Sneak (level 10, -17/68 HPs)
             Began as an Octopode Wanderer on Jan 8, 2022.
             Was a Priest of Fedhas.
             Demolished by a two-headed ogre (35 damage)
             ... on level 8 of the Dungeon.
             The game lasted 00:31:34 (11186 turns).

enile the Sneak (Octopode Wanderer)                Turns: 11186, Time: 00:31:34

Health: -17/68     AC:  1    Str: 14    XL:     10   Next: 77%
Magic:  6/15       EV: 14    Int: 16    God:    Fedhas [***...]
Gold:   195        SH:  5    Dex: 12    Spells: 5/15 levels left

rFire   . . .      SeeInvis +   H - +1 falchion (drain)
rCold   . . .      Faith    .   k - +0 buckler
rNeg    . . .      Spirit   .   (helmet restricted)
rPois   .          Reflect  .   (no amulet)
rElec   .          Harm     .   i - ring of see invisible
rCorr   .          Rampage  .   l - ring of flight
Will    .....                   (no ring)
Stlth   ++++......              (no ring)
HPRegen 0.21/turn               (no ring)
MPRegen 0.14/turn               (no ring)
                                (no ring)
                                (no ring)

@: flying
A: almost no armour, amphibious, 8 rings, camouflage 1, gelatinous body 1,
(nimble swimmer 1), tentacles
a: Renounce Religion, Wall of Briars, Grow Ballistomycete


You were on level 8 of the Dungeon.
You worshipped Fedhas.
Fedhas was most pleased with you.
You visited 1 branch of the dungeon, and saw 8 of its levels.

You collected 360 gold pieces.
You spent 165 gold pieces at shops.

Inventory:

Hand Weapons
 a - a +0 rapier
 c - a +0 dagger
 d - a +1 dagger of electrocution
 e - a +2 quarterstaff of draining
 m - a +0 trident
 H - a +1 falchion of draining (weapon)
Missiles
 b - 53 poisoned darts (quivered)
 G - a curare-tipped dart
Armour
 k - a +0 buckler (worn)
Magical Staves
 r - a staff of air
Jewellery
 i - a ring of see invisible (left tentacle)
 l - a ring of flight (right tentacle)
 J - an amulet of faith
Wands
 j - a wand of mindburst (9)
 y - a wand of acid (4)
 E - a wand of polymorph (5)
Scrolls
 f - 2 scrolls of teleportation {unknown}
 h - a scroll of noise
 s - 3 scrolls of magic mapping {unknown}
 t - a scroll of vulnerability {unknown}
 u - a scroll of brand weapon {unknown}
 v - a scroll of immolation {unknown}
 x - 2 scrolls of silence
 A - a scroll of torment {unknown}
 B - a scroll of fear {unknown}
 C - a scroll of amnesia {unknown}
 F - a scroll of blinking
Potions
 g - 2 potions of lignification {unknown}
 n - 3 potions of curing
 o - a potion of brilliance {unknown}
 p - 3 potions of berserk rage
 q - a potion of mutation {unknown}
 w - a potion of heal wounds {unknown}
 z - a potion of invisibility {unknown}
 D - a potion of haste {unknown}
 I - 2 potions of cancellation {unknown}


   Skills:
 - Level 6.0 Fighting
 - Level 6.0 Short Blades
 - Level 2.0 Throwing
 - Level 5.0 Dodging
 - Level 7.0 Stealth
 - Level 4.0 Shields
 - Level 3.0 Spellcasting
 - Level 2.0 Translocations
 - Level 2.0 Transmutations
 - Level 3.0 Ice Magic
 - Level 3.0 Air Magic
 - Level 6.0 Poison Magic
 - Level 7.0 Invocations
 + Level 4.0 Evocations


You had 5 spell levels left.
You knew the following spells:

 Your Spells              Type           Power      Damage    Failure   Level
a - Apportation           Tloc           16%        N/A       11%         1
b - Poisonous Vapours     Pois/Air       32%        N/A       5%          2
c - Blink                 Tloc           16%        N/A       16%         2
d - Spider Form           Tmut/Pois      15%        N/A       14%         3
e - Ensorcelled Hibernat  Hex/Ice        14%        N/A       19%         2

Your spell library contained the following spells:

 Spells                   Type           Power      Damage    Failure   Level
 Sting                    Tmut/Pois      60%        1d6       4%          1
 Olgreb's Toxic Radiance  Pois           21%        N/A       21%         4
 Slow                     Hex            8%         N/A       24%         1
 Lesser Beckoning         Tloc           8%         N/A       30%         3
 Portal Projectile        Hex/Tloc       10%        N/A       43%         3
 Confusing Touch          Hex            2%         N/A       56%         3
 Vampiric Draining        Necr           2%         2d6       56%         3
 Manifold Assault         Tloc           8%         N/A       96%         5
 Iskenderun's Battlesphe  Conj           2%         2d6       100%        5
 Iron Shot                Conj/Erth      1%         9d1       100%        6
 Spellforged Servitor     Conj/Summ      1%         N/A       100%        7


Dungeon Overview and Level Annotations

Branches:
Dungeon (8/15)             Temple (0/1) D:4
   Lair: D:8-11

Altars:
Ashenzari
Dithmenos
Fedhas
Trog

Shops:
D:4 =   D:5 !

Annotations:
D:7 2 transporters, swinepaste's ghost, novice DEFE
D:8 1 transporter


Innate Abilities, Weirdness & Mutations

You cannot wear most types of armour.
You are amphibious.
You can wear up to eight rings at the same time.
Your skin changes colour to match your surroundings (Stealth+).
Your rubbery body absorbs attacks. (AC +1, EV +1)
((You are camouflaged when in or above water. (Stealth+)))
You have tentacles for arms and can constrict up to eight enemies at once.


Message History

Aiming: Poisonous Vapours (safe; 5% risk of failure)
Press: ? - help, Dir - move target, f/p - two-headed ogre
Aim: a two-headed ogre, wielding a +0 giant spiked club and a +0 giant club (lightly wounded, poisoned, ally target) Poisonous vapours surround the two-headed ogre!
The two-headed ogre looks even sicker.
Casting: Poisonous Vapours (safe; 5% risk of failure)
Confirm with . or Enter, or press ? or * to list all spells.
Aiming: Poisonous Vapours (safe; 5% risk of failure)
Press: ? - help, Dir - move target, f/p - two-headed ogre
Aim: a two-headed ogre, wielding a +0 giant spiked club and a +0 giant club (lightly wounded, very poisoned, ally target) Poisonous vapours surround the two-headed ogre!
The two-headed ogre looks as sick as possible!
Casting: Poisonous Vapours (safe; 5% risk of failure)
Confirm with . or Enter, or press ? or * to list all spells.
Aiming: Ensorcelled Hibernation (safe; 19% risk of failure)
Press: ? - help, Shift-Dir - straight line, f/p - two-headed ogre
Aim: a two-headed ogre, wielding a +0 giant spiked club and a +0 giant club (lightly wounded, extremely poisoned, ally target, chance to affect: 24%) Fedhas protects your plant from harm. x2
The two-headed ogre resists with almost no effort.
Your briar patch disappears in a puff of smoke!
Casting: Ensorcelled Hibernation (safe; 19% risk of failure)
Confirm with . or Enter, or press ? or * to list all spells.
Aiming: Ensorcelled Hibernation (safe; 19% risk of failure)
Press: ? - help, Shift-Dir - straight line, f/p - two-headed ogre
Aim: a two-headed ogre, wielding a +0 giant spiked club and a +0 giant club (lightly wounded, extremely poisoned, ally target, chance to affect: 24%) Fedhas protects your plant from harm.
The two-headed ogre looks drowsy...
You fly carefully through the plants.
The helpless two-headed ogre fails to defend itself.
You hit the two-headed ogre. You squeeze the two-headed ogre.
The two-headed ogre is moderately wounded.
The two-headed ogre misses you.
The two-headed ogre hits you with a +0 giant club.
* * * LOW HITPOINT WARNING * * *
You fly carefully through the plants.
Your briar patch disappears in a puff of smoke!
The two-headed ogre hits you with a +0 giant spiked club!!
Ouch! That really hurt!
You die...
Fedhas appreciates your contribution to the ecosystem.

.........................#.
.........................#.
.........................#.
.#.#.#.#.................#.
.........#'#####........##.
.#O#.#.#.#.....#........#..
.>.....##.....#........'..
.#.#.#..O....#........#..
.......##@....#........###
#.#.#.# #.....#.....######
............#.....#.....
#.#.#.......#.....#.....
... .........#.....'.....
### ###########.....######
#######


You could see a two-headed ogre (very poisoned).

Vanquished Creatures
  A two-headed ogre (D:8)
  Maurice (D:8)
  Joseph (D:7)
  A hornet (D:7)
  A troll (D:5)
  Sigmund (D:3)
  A wyvern (D:7)
  2 steam dragons (D:6)
  Menkaure (D:6)
  5 water moccasins
  A hornet zombie (D:7)
  An ice beast (D:5)
  A black bear (D:7)
  3 sky beasts
  5 ogres
  2 necrophages (D:6)
  A phantom (D:7)
  A bullfrog (D:8)
  2 kobold brigands (D:7)
  A wyvern zombie (D:7)
  4 scorpions
  A killer bee (D:5)
  A howler monkey (D:2)
  2 centaur zombies
  6 orc priests
  A jelly (D:7)
  3 hounds
  2 bullfrog skeletons
  4 iguanas
  4 orc wizards
  A gnoll (D:1)
  8 adders
  2 shadow imps
  A worm (D:2)
  2 dart slugs
  7 orcs
  6 endoplasms
  2 giant cockroaches
  12 goblins
  11 hobgoblins
  2 jackals (D:1)
  9 quokkas
  8 ball pythons
  9 bats
  4 frilled lizards
  17 kobolds
  5 rats
167 creatures vanquished.

Vanquished Creatures (collateral kills)
  A hornet (D:8)
  An ogre (D:5)
  An orc priest (D:3)
  An orc (D:3)
  8 ballistomycete spores
12 creatures vanquished.

Vanquished Creatures (others)
  A ballistomycete spore (D:6)
  24 plants (D:5)
25 creatures vanquished.

Grand Total: 204 creatures vanquished

Notes
Turn   | Place    | Note
-------+----------+-------------------------------------------
     0 | D:1      | enile the Octopode Wanderer began the quest for the Orb.
     0 | D:1      | enile set off with the following items: a +0 rapier, 8
                  | poisoned darts, a +0 dagger; and the following spell
                  | memorised: Apportation; and the following spells available
                  | to memorise: Portal Projectile
     0 | D:1      | Reached XP level 1. HP: 16/16 MP: 2/2
   113 | D:1      | Reached XP level 2. HP: 19/21 MP: 3/3
   234 | D:1      | Found a faded altar of an unknown god.
   240 | D:1      | Prayed at the altar of an unknown god.
   240 | D:1      | Became a worshipper of Fedhas Madash
   240 | D:1      | Reached * piety under Fedhas
   499 | D:1      | Reached skill level 1 in Invocations
   499 | D:1      | Reached XP level 3. HP: 23/26 MP: 4/4
   692 | D:1      | Reached ** piety under Fedhas
   693 | D:1      | Reached skill level 1 in Stealth
   912 | D:2      | Reached XP level 4. HP: 31/31 MP: 5/5
  1330 | D:2      | Reached XP level 5. HP: 35/36 MP: 6/6
  1797 | D:2      | Learned a level 2 spell: Poisonous Vapours
  1813 | D:3      | Reached skill level 1 in Poison Magic
  1985 | D:3      | Noticed Sigmund
  2512 | D:3      | Killed Sigmund
  2512 | D:3      | Reached *** piety under Fedhas
  2513 | D:3      | Reached XP level 6. HP: 29/42 MP: 6/9
  3282 | D:3      | Learned a level 2 spell: Blink
  3407 | D:4      | Reached XP level 7. HP: 48/48 MP: 5/10
  3557 | D:4      | Found a staircase to the Ecumenical Temple.
  3620 | D:4      | Found Juazeot's Jewellery Shop.
  4470 | D:5      | Entered Level 5 of the Dungeon
  4532 | D:5      | Found Moax's Distillery.
  4959 | D:5      | Noticed a troll
  4961 | D:5      | Reached **** piety under Fedhas
  5021 | D:5      | Killed a troll
  5022 | D:5      | Reached skill level 5 in Fighting
  5022 | D:5      | Reached XP level 8. HP: 55/55 MP: 1/12
  5334 | D:5      | Reached skill level 5 in Stealth
  5468 | D:5      | Bought 2 potions of curing for 90 gold pieces
  5468 | D:5      | Bought a potion of berserk rage for 75 gold pieces
  5833 | D:5      | Reached XP level 9. HP: 62/62 MP: 13/13
  5841 | D:5      | Reached skill level 5 in Short Blades
  6054 | D:5      | Reached skill level 1 in Evocations
  7096 | D:6      | Reached skill level 5 in Dodging
  7157 | D:6      | Reached skill level 5 in Invocations
  7417 | D:6      | Reached skill level 5 in Poison Magic
  7594 | D:6      | You are sucked into a shaft and drop 1 floor!
  7620 | D:7      | Found a transporter.
  7624 | D:7      | Found a transporter.
  7625 | D:7      | Found a bloodstained altar of Trog.
  7888 | D:7      | Found a broken altar of Ashenzari.
  7895 | D:7      | Noticed Joseph
  7905 | D:7      | Killed Joseph
  7906 | D:7      | Reached XP level 10. HP: 56/68 MP: 10/14
  8117 | D:7      | Noticed a moth of wrath
  8125 | D:7      | Noticed swinepaste's ghost (novice DEFE)
  8748 | D:6      | Noticed Menkaure
  8778 | D:6      | Killed Menkaure
  9593 | D:7      | Paralysed by a hornet for 3 turns
  9815 | D:7      | Learned a level 3 spell: Spider Form
  9818 | D:7      | Learned a level 2 spell: Ensorcelled Hibernation
  9925 | D:7      | Found a shadowy altar of Dithmenos.
  9953 | D:7      | Reached skill level 1 in Ice Magic
 10317 | D:8      | Reached skill level 1 in Transmutations
 10571 | D:8      | Noticed Maurice
 10595 | D:8      | Killed Maurice
 10768 | D:8      | Noticed a two-headed ogre
 10798 | D:8      | Killed a two-headed ogre
 10989 | D:8      | Found a transporter.
 10989 | D:8      | Noticed a centaur warrior
 11144 | D:8      | Noticed a two-headed ogre
 11146 | D:8      | Paralysed by a hornet for 1 turns
 11186 | D:8      | Demolished by a two-headed ogre

Illustrated notes

Levels and vault maps discovered:
D:1:      minmay_arrival_solitary_statue, layout_rooms,
          hellmonk_ecumenical_altar_leap_of_faith
D:2:      layout_loops_cross, palyth_stone_intersect, minmay_misc_feat_hallway
D:3:      layout_rooms, uniq_sigmund
D:4:      layout_loops_ring, temple_doors_e, serial_shops, shop
D:5:      layout_basic, serial_shops, nicolae_shop_advertising_works
          [nicolae_subvault_shop_adworks], serial_bayou, serial_bayou_shore_a,
          serial_bayou_lagoon_a, serial_bayou_shore_b, serial_bayou_pond_e,
          serial_bayou_ford_a, nzn_random_ring
D:6:      layout_layer_cave, nrook_mini_vaults, uniq_menkaure
D:7:      layout_loops_ring, ashenzari_altar_1, grunt_dithmenos_smoke,
          gammafunk_ghost_wrathful_warriors, kennysheep_generic_room_5,
          uniq_joseph
D:8:      layout_gridville, gammafunk_temple_overflow_arena, minivault_14,
          st_stairs_9, uniq_maggie, uniq_maurice

Skill      XL: |  1  2  3  4  5  6  7  8  9 10 |
---------------+-------------------------------+-----
Dodging        | 2 3 5 |  5.0
Invocations    | 1 2 5 7 |  7.0
Stealth        | 2 3 5 7 |  7.0
Shields        | 2 3 4 |  4.0
Poison Magic   | 2 3 4 5 6 |  6.0
Air Magic      | 2 3 |  3.0
Spellcasting   | 2 3 |  3.0
Fighting       | 4 5 6 |  6.0
Translocations | 2 |  2.0
Short Blades   | 4 5 6 |  6.0
Evocations     | 3 4 |  4.0
Ice Magic      | 3 |  3.0
Transmutations | 2 |  2.0
Throwing       | 2 |  2.0

Action                   |  1- 3 |  4- 6 |  7- 9 | 10-12 || total
-------------------------+-------+-------+-------+-------++-------
Melee: Rapier            |    68 |    37 |       |       ||   105
       Constrict         |    18 |    23 |    23 |    11 ||    75
       Tentacles         |    12 |    23 |    37 |    15 ||    87
       Punch             |     2 |       |     3 |     2 ||     7
       Trident           |       |    47 |       |       ||    47
       Dagger            |       |     7 |   150 |    33 ||   190
       Falchion          |       |       |       |    28 ||    28
       Unarmed           |       |       |       |    17 ||    17
Throw: Dart              |     2 |    25 |    13 |    17 ||    57
 Cast: Poisonous Vapours |       |    21 |    65 |    40 ||   126
       Apportation       |       |     2 |       |       ||     2
       Blink             |       |       |     2 |       ||     2
       Ensorcelled Hiber |       |       |       |     4 ||     4
       Spider Form       |       |       |       |     2 ||     2
Invok: Wall of Briars    |       |     2 |     4 |     4 ||    10
       Grow Ballistomyce |       |       |     2 |     2 ||     4
Evoke: Wand              |       |       |     2 |     4 ||     6
  Use: Scroll            |       |     3 |     1 |     2 ||     6
       Potion            |       |       |       |     1 ||     1
 Stab: Sleeping          |     5 |     6 |     7 |     6 ||    24
       Distracted        |       |       |     2 |       ||     2
Armor: Skin              |     5 |     7 |     6 |     2 ||    20
Dodge: Dodged            |    48 |    53 |    66 |    41 ||   208
Block: Buckler           |       |    15 |    19 |    12 ||    46

Table legend: (Time is in decaauts)
 A = Elapsed time spent in this place.
 B = Non-inter-level travel time spent in this place.
 C = Inter-level travel time spent in this place.
 D = Time resting spent in this place.
 E = Time spent auto-exploring this place.
 F = Levels seen in this place.
 G = Mean time per level.
                   A        B        C        D        E       F      G
               +--------+--------+--------+--------+--------+-----+--------+
         Total |  11195 |  10880 |    315 |    758 |   8254 |   8 | 1399.4 |
       Dungeon |  11195 |  10880 |    315 |    758 |   8254 |   8 | 1399.4 |
               +--------+--------+--------+--------+--------+-----+--------+

Top non-repeatable levels by time:
     D:6: 2253 daAuts
     D:5: 1800 daAuts
     D:7: 1716 daAuts
     D:2: 1326 daAuts
     D:4: 1163 daAuts
     D:3: 1109 daAuts
     D:8: 935 daAuts
     D:1: 890 daAuts
